 Dungeon Crawl Stone Soup version 0.30-a0-782-ge64f9170bb (webtiles) character file.

Game seed: 895944709077858028

53 Jane the Ducker (level 3, -6/17 HPs)
             Began as a Felid Chaos Knight on Feb 21, 2023.
             Was a Plaything of Xom.
             Killed from afar by an orc wizard (7 damage)
             ... with a puff of flame
             ... on level 3 of the Dungeon.
             The game lasted 00:11:51 (1840 turns).

Jane the Ducker (Felid Chaos Knight)                Turns: 1840, Time: 00:11:51

Health: -6/17      AC:  1    Str:  8    XL:     3   Next: 62%
Magic:  4/4        EV: 20    Int: 13    God:    Xom [..*...]
Gold:   195        SH:  0    Dex: 17    Spells: 2/2 levels left
                                        Lives:  0   Deaths: 0

rFire   . . .      SeeInvis +      - Unarmed
rCold   . . .      Faith    .    (shield unavailable)
rNeg    . . .      Spirit   .    (body armour unavailable)
rPois   .          Reflect  .    (helmet unavailable)
rElec   .          Harm     .    (cloak unavailable)
rCorr   .          Rampage  .    (gloves unavailable)
Will    .....                    (boots unavailable)
Stlth   ++                       (no amulet)
HPRegen 0.22/turn                (no ring)
MPRegen 0.09/turn                (no ring)

@: quick
A: very small, claws 1, fangs 3, see invisible, speed 1, shaggy fur 1, stealthy
paws, no weapons or thrown items, no armour, multi-lived
a: Renounce Religion


You were on level 3 of the Dungeon.
You worshipped Xom.
You were a toy of Xom.
You visited 1 branch of the dungeon, and saw 3 of its levels.

You collected 195 gold pieces.

Inventory:

Armour
 d - a +2 hat
Jewellery
 e - a ring of positive energy
Scrolls
 c - 2 scrolls of vulnerability {unknown}
 f - a scroll of identify {unknown}
 g - a scroll of enchant weapon {unknown}
 h - a scroll of blinking {unknown}
 j - a scroll of immolation {unknown}
Potions
 b - a potion of mutation {unknown}
 i - a potion of curing {unknown}
Miscellaneous
 a - a piece from Xom's chessboard (15/15) (quivered)


   Skills:
 - Level 3.0 Fighting
 + Level 5.4 Dodging
 + Level 1.1 Stealth
 - Level 3.0 Unarmed Combat


You had 2 spell levels left.
You didn't know any spells.
Your spell library contained the following spells:

 Spells                   Type           Power      Damage    Failure   Level
 Inner Flame              Hex/Fire       0%         N/A       67%         3
 Flame Wave               Conj/Fire      0%         2d4       97%         4
 Sticky Flame             Conj/Fire      0%         2d3       97%         4


Dungeon Overview and Level Annotations

Branches:
Dungeon (3/15)

Altars:

Annotations:
D:2 Robin


Innate Abilities, Weirdness & Mutations

You have sharp claws.
You have razor-sharp teeth.
You have supernaturally acute eyesight. (SInv)
You cover ground quickly. (Speed+)
You are covered in fur. (AC +1)
Your paws help you pounce on unaware monsters.
You are incapable of wielding weapons or throwing items.
You cannot wear armour.
You gain extra lives every three experience levels.


Message History

The orc hits you with a +1 dagger of speed.
You claw the orc!
You kill the orc!
You see here a +1 dagger of speed.
You now have 184 gold pieces (gained 2).
You see here a +1 dagger of speed.
j - a scroll labelled FUMUMU ASYEH You start resting.
HP restored.
You see here a +1 dagger of speed.
You see here a +1 dagger of speed.
You now have 195 gold pieces (gained 11).
The orc completely misses you. The orc completely misses you.
You scratch the orc.
The orc is heavily wounded.
The orc barely misses you.
You scratch the orc.
You kill the orc!
Things that are here:
a +0 morningstar; an orc corpse You barely miss the orc wizard.
You bite the orc wizard.
The orc wizard is lightly wounded.
The orc wizard misses you.
You barely miss the orc wizard. Your bite misses the orc wizard.
The orc wizard is lightly wounded.
The orc wizard points at you and mumbles some strange words.
The magic dart hits you.
You closely miss the orc wizard.
The orc wizard is lightly wounded.
The orc wizard gestures at you while chanting.
The magic dart hits you!
Ouch! That really hurt!
* * * LOW HITPOINT WARNING * * *
A shower of butterflies erupts from you!
You swap places.
The orc wizard gestures at you while chanting.
The puff of flame hits you!
You die...
Xom chortles! #.#.#.#.. #........ #.....#.. #.....'.. g #.....#.# ggg #.....# . #.....# ggg

#.#####..+
#.@bbb#.. g
##.o..#..
#.bbb#.# #
gg
#....#.###.#
#....#....gg
#.......#
#.).....#
#.......#
#....)....#


You could see an orc wizard (ally target).

Vanquished Creatures
  An adder (D:3)
  A dart slug (D:2)
  2 orcs (D:3)
  8 ball pythons
  6 goblins
  3 hobgoblins
  5 jackals
  A quokka (D:2)
  2 bats (D:2)
  4 kobolds
  3 rats
36 creatures vanquished.

Vanquished Creatures (others)
  A hobgoblin (D:2)
  A bat (D:1)
2 creatures vanquished.

Grand Total: 38 creatures vanquished

Notes
Turn   | Place    | Note
-------+----------+-------------------------------------------
     0 | D:1      | Jane the Felid Chaos Knight began the quest for the Orb.
     0 | D:1      | Reached XP level 1. HP: 10/10 MP: 2/2
   191 | D:1      | Reached skill level 4 in Dodging
   234 | D:1      | XOM: silly message
   243 | D:1      | Reached XP level 2. HP: 6/14 MP: 3/3
  1031 | D:2      | XOM: noise
  1060 | D:2      | XOM: 3-stop teleportation journey
  1061 | D:2      | Reached XP level 3. HP: 5/17 MP: 4/4
  1436 | D:2      | Reached skill level 5 in Dodging
  1594 | D:2      | Noticed Robin
  1640 | D:3      | Reached skill level 1 in Stealth
  1745 | D:3      | XOM is BORED!
  1745 | D:3      | XOM: 1-stop teleportation journey
  1754 | D:3      | XOM: divination: detect creatures
  1755 | D:3      | XOM: confuse monster(s)
  1839 | D:3      | XOM: butterfly on damage
  1840 | D:3      | Killed from afar by an orc wizard

Illustrated notes

Levels and vault maps discovered:
D:1:      scummos_arrival_simple_crosswalls, layout_loops_corners,
          lemuel_flame_loot_1
D:2:      layout_basic, uniq_robin
D:3:      cheibrodos_greedy_goblins, layout_basic

Skill      XL: |  1  2  3 |
---------------+----------+-----
Dodging        | 4 5 |  5.4
Stealth        | 1 |  1.1
Fighting       | |  3.0
Unarmed Combat | |  3.0

Action                     || total
---------------------------++-------
  Melee: Unarmed           ||   101
         Bite              ||     8
         Punch             ||     4
 Armour: Skin              ||     7
  Dodge: Dodged            ||   141

Table legend: (Time is in decaauts)
 A = Elapsed time spent in this place.
 B = Non-inter-level travel time spent in this place.
 C = Inter-level travel time spent in this place.
 D = Time resting spent in this place.
 E = Time spent auto-exploring this place.
 F = Levels seen in this place.
 G = Mean time per level.
                   A        B        C        D        E       F      G
               +--------+--------+--------+--------+--------+-----+--------+
         Total |   1526 |   1512 |     14 |    147 |    502 |   3 |  508.7 |
       Dungeon |   1526 |   1512 |     14 |    147 |    502 |   3 |  508.7 |
               +--------+--------+--------+--------+--------+-----+--------+

Top non-repeatable levels by time:
     D:1: 704 daAuts
     D:2: 631 daAuts
     D:3: 191 daAuts
